cohdb
Replays
Latest Replays
All Replays
Popular Replays
Top Player Replays
Match Explorer
How It Works
Community
CoH3 Stats
Reddit
Sign in to upload your games and track your stats! →
Sign in with Steam
Match 43636285
Unlisted
Match 43636285
Overview
Messages
Build Orders
End
Kradschützen Motorcycle Team
Panzergrenadier Squad
Selects Italian Infantry
Panzergrenadier Squad
Construct Light Support Kompanie
Combat Half-tracks
250 Light Carrier
Fire Support Elements
Flakvierling Half-track
Veteran Squad Leaders
2.5-tonne Medical Truck
Selects Sound the Alarm
Sound the Alarm
Selects Territory Booby Traps
Vehicle Survival Package
Construct Mechanized Kompanie
Liviu
Bill D. Garrison
0
0
Comments
sign in to comment!
No comments posted yet!